 Dungeon Crawl Stone Soup version 0.30-a0-134-gb40fab5c76 (webtiles) character file.

Game seed: 6533313157223875489

4682 Casaw the Covert (level 10, -9/46 HPs)
             Began as a Spriggan Enchanter on Sept 20, 2022.
             Was an Initiate of Dithmenos.
             Shot with an arrow by a centaur warrior (25 damage)
             ... on level 8 of the Dungeon.
             The game lasted 00:26:09 (9720 turns).

Casaw the Covert (Spriggan Enchanter)               Turns: 9720, Time: 00:26:09

Health: -9/46      AC:  6    Str:  8    XL:     10   Next: 21%
Magic:  25/25      EV: 20    Int: 23    God:    Dithmenos [......]
Gold:   276        SH:  0    Dex: 22    Spells: 19/30 levels left

rFire   + . .      SeeInvis +    f - +6 dagger (speed)
rCold   . . .      Faith    .    (no shield)
rNeg    + . .      Spirit   .    m - +2 robe {Will+}
rPois   .          Reflect  .    (helmet restricted)
rElec   .          Harm     .    b - +1 cloak
rCorr   .          Rampage  .    (gloves unavailable)
Will    ++...                    (boots unavailable)
Stlth   ++++++....               y - amulet of magic regeneration
HPRegen 0.15/turn                e - ring of protection from fire
MPRegen 0.59/turn                r - ring "Seotreps" {rN+ Int+6 Dex+6}

@: slowed, invisible, quick
A: very small, no large weapons, unfitting armour, see invisible, speed 3
a: Renounce Religion


You were on level 8 of the Dungeon.
You worshipped Dithmenos.
Dithmenos was noncommittal.
You visited 2 branches of the dungeon, and saw 9 of its levels.

You collected 1763 gold pieces.
You spent 1487 gold pieces at shops.

Inventory:

Hand Weapons
 a - a +1 dagger of venom
 f - a +6 dagger of speed (weapon)
Missiles
 d - 27 poisoned darts (quivered)
Armour
 b - a +1 cloak (worn)
 m - a +2 robe of willpower (worn)
Jewellery
 e - a ring of protection from fire (left hand)
 k - a ring of willpower
 r - the ring "Seotreps" (right hand) {rN+ Int+6 Dex+6}
   (You acquired it on level 8 of the Dungeon)

   [ring of intelligence]

   Int:       It affects your intelligence (+6).
   Dex:       It affects your dexterity (+6).
   rN:        It protects you from negative energy.
 y - an amulet of magic regeneration (around neck)
 A - a ring of fire
Wands
 n - a wand of flame (26)
 z - a wand of quicksilver (4)
Scrolls
 g - a scroll of summoning
 l - a scroll of fog
 p - 2 scrolls of amnesia
 t - a scroll of vulnerability
 w - 3 scrolls of teleportation
 D - a scroll of magic mapping
 E - 2 scrolls of identify
 G - 2 scrolls of enchant armour
 H - a scroll of fear
Potions
 c - 2 potions of invisibility
 h - a potion of cancellation {unknown}
 i - a potion of might {unknown}
 j - 5 potions of curing
 o - 2 potions of resistance
 q - a potion of brilliance {unknown}
 s - a potion of flight {unknown}
 u - a potion of haste {unknown}
 v - a potion of heal wounds
 x - a potion of ambrosia {unknown}
 B - a potion of lignification {unknown}
 C - 2 potions of magic {unknown}


   Skills:
 + Level 2.0 Fighting
 + Level 3.1 Short Blades
 + Level 4.5 Dodging
 + Level 12.4 Stealth
 + Level 10.5 Spellcasting
 + Level 10.8 Hexes


You had 19 spell levels left.
You knew the following spells:

 Your Spells              Type           Power      Damage    Failure   Level
a - Ensorcelled Hibernat  Hex/Ice        74%        N/A       1%          2
b - Tukima's Dance        Hex            58%        N/A       1%          3
c - Dazzling Flash        Conj/Hex       74%        N/A       1%          3
d - Confusing Touch       Hex            58%        N/A       1%          3

Your spell library contained the following spells:

 Spells                   Type           Power      Damage    Failure   Level
 Static Discharge         Conj/Air       24%        2-3/arc   9%          2
 Yara's Violent Unravell  Hex/Tmut       18%        3d9       16%         5
 Enfeeble                 Hex            29%        N/A       45%         7
 Arcjolt                  Conj/Air       6%         1d16      83%         5
 Lightning Bolt           Conj/Air       6%         1d18      83%         5
 Maxwell's Capacitive Co  Air            6%         ∞         100%        8


Dungeon Overview and Level Annotations

Branches:
Dungeon (8/15)             Temple (1/1) D:5
   Lair: D:8-11

Altars:
Ashenzari
Cheibriados
Dithmenos
Elyvilon
Fedhas
Gozag
Hepliaklqana
Kikubaaqudgha
Makhleb
Qazlal
Ru
Sif Muna
Trog
Uskayaw
Vehumet
Wu Jian
Xom
Yredelemnul
The Shining One

Shops:
D:1 (   D:4 :   D:8 ?[**

Annotations:
D:5 3 runed translucent doors, Zero's ghost, novice DECj


Innate Abilities, Weirdness & Mutations

You are very small and have problems with some larger weapons.
You are too small for most types of armour.
You have supernaturally acute eyesight. (SInv)
You cover ground extremely quickly. (Speed+++)


Message History

The red ugly thing's magical effects unravel!
You hear an angry buzzing noise.
The red ugly thing is engulfed in blazing flames.
The four-headed hydra is engulfed in blazing flames.
The cyclops is engulfed in blazing flames.
An orc wizard comes into view. It is wielding a +0 dagger.
The troll is engulfed in blazing flames.
Flame seeps out of the troll.
Unknown command.
Unknown command.
Unknown command.
Unknown command.
Unknown command.
Unknown command.
Unknown command.
Aiming: Quicksilver Bolt
Press: ? - help, Shift-Dir - straight line, f/p - four-headed hydra
Aim: a four-headed hydra (flame, moderately wounded, wandering, unable to see you, hasn't noticed you, 90% to hit)
The bolt of dispelling energy hits the troll!
Flame seeps out of the troll.
The troll is heavily wounded.
The troll's magical effects unravel!
The bolt of dispelling energy hits the centaur warrior!
Flame seeps out of the centaur warrior.
The centaur warrior is moderately wounded.
The centaur warrior's magical effects unravel!
The bolt of dispelling energy hits the four-headed hydra!
The four-headed hydra is heavily wounded.
The troll is engulfed in blazing flames.
You kill the troll!
Dithmenos accepts your kill.
The troll leather armour is intact enough to wear.
The centaur warrior is engulfed in blazing flames.
The centaur warrior shoots an arrow.
The arrow hits you!!
Ouch! That really hurt!
The four-headed hydra is engulfed in blazing flames.
The centaur warrior is engulfed in blazing flames.
The centaur warrior shoots an arrow.
The arrow hits you!!
Ouch! That really hurt!
You die...

))..#....'.....###)#
.####....####..###)##
#####....# ##.###...##
#........# #..##.....#
######...###.##...#...#
'.......###..#...###...#
#########...##..### #..#
###...#####...## ### # #
###...### #?$@#.# (#..
###...###. #($.#.# }).##
#...###... #...#.#...H[#
..###...#. ####○).#
##........ #...c⌠...c#
..###.##.. #..###.°.####
#...### # ~#.#+
.##...### ).#.#
.####...### [(.#.#


You could see a centaur warrior (unable to see you).

Vanquished Creatures
  A two-headed ogre (D:8)
  An ugly thing (D:8)
  A troll (D:8)
  Grinder (D:6)
  A wyvern (D:8)
  3 yaks (D:7)
  A basilisk (D:8)
  A steam dragon (D:8)
  3 water moccasins
  Duvessa (D:6)
  3 black bears
  A sky beast (D:7)
  An ogre (D:6)
  A phantom (D:6)
  A kobold brigand (D:6)
  A bullfrog (D:7)
  3 scorpions
  A necrophage (D:5)
  2 wights (D:8)
  Dowan (D:6)
  3 howler monkeys
  5 hounds
  A jelly (D:6)
  4 iguanas
  4 orc wizards
  Natasha (thrice) (D:4)
  4 gnolls (D:3)
  7 adders
  A shadow imp (D:7)
  3 white imps
  A worm (D:2)
  15 orcs
  6 bats
  11 endoplasms
  6 giant cockroaches
  4 goblins
  10 hobgoblins
  A jackal (D:5)
  3 quokkas
  6 ball pythons
  4 frilled lizards
  13 kobolds
  6 rats
150 creatures vanquished.

Vanquished Creatures (collateral kills)
  Sigmund (D:2)
  An orc warrior (D:6)
  3 wights (D:8)
  3 orcs
  A hobgoblin (D:2)
  A frilled lizard (D:3)
10 creatures vanquished.

Vanquished Creatures (others)
  5 dream sheep (D:7)
  A shadow (D:8)
  3 dancing weapons
  2 kobolds (D:6)
  5 toadstools (D:1)
16 creatures vanquished.

Grand Total: 176 creatures vanquished

Notes
Turn   | Place    | Note
-------+----------+-------------------------------------------
     0 | D:1      | Casaw the Spriggan Enchanter began the quest for the Orb.
     0 | D:1      | Reached XP level 1. HP: 9/9 MP: 5/5
   172 | D:1      | Reached XP level 2. HP: 6/13 MP: 7/7
   175 | D:1      | Learned a level 2 spell: Ensorcelled Hibernation
   432 | D:1      | Found a faded altar of an unknown god.
   957 | D:1      | Reached XP level 3. HP: 16/16 MP: 9/9
   961 | D:1      | Learned a level 3 spell: Tukima's Dance
   965 | D:1      | Learned a level 3 spell: Confusing Touch
  1011 | D:1      | Found Wesu's Antique Weapon Boutique.
  1354 | D:2      | Found a shimmering altar of Xom.
  1358 | D:2      | Noticed Sigmund
  1366 | D:2      | Killed Sigmund
  1367 | D:2      | Reached skill level 5 in Spellcasting
  1367 | D:2      | Reached skill level 5 in Hexes
  1367 | D:2      | Reached XP level 4. HP: 14/21 MP: 3/12
  1367 | D:2      | Reached XP level 5. HP: 16/24 MP: 3/13
  3105 | D:3      | Reached XP level 6. HP: 25/28 MP: 12/15
  3126 | D:3      | Reached skill level 5 in Stealth
  3135 | D:3      | Learned a level 3 spell: Dazzling Flash
  3291 | D:1      | Bought a runed dagger for 130 gold pieces
  4220 | D:4      | Noticed Natasha
  4229 | D:4      | Killed Natasha
  4273 | D:4      | Found a broken altar of Ashenzari.
  4320 | D:4      | Identified a scroll of acquirement
  4320 | D:4      | Acquired 1124 gold pieces
  4361 | D:4      | Found a snail-covered altar of Cheibriados.
  4463 | D:4      | Found Yvadwu's Tremendous Tomes.
  4576 | D:4      | Noticed Natasha
  4582 | D:4      | Killed Natasha
  4583 | D:4      | Reached skill level 6 in Stealth
  4702 | D:4      | Noticed Natasha
  4712 | D:4      | Killed Natasha
  4789 | D:5      | Entered Level 5 of the Dungeon
  4823 | D:5      | Noticed a water moccasin
  4832 | D:5      | Reached XP level 7. HP: 30/32 MP: 9/17
  5007 | D:5      | Reached skill level 7 in Stealth
  5094 | D:5      | Found a runed translucent gate.
  5094 | D:5      | Found a runed translucent gate.
  5094 | D:5      | Found a runed translucent gate.
  5095 | D:5      | Noticed Zero's ghost (novice DECj)
  5547 | D:5      | Reached skill level 8 in Stealth
  5547 | D:5      | Reached XP level 8. HP: 36/36 MP: 16/20
  5789 | D:5      | Found a staircase to the Ecumenical Temple.
  5798 | Temple   | Entered the Ecumenical Temple
  6706 | D:6      | Reached skill level 9 in Stealth
  6935 | D:6      | Noticed Grinder
  7169 | D:6      | Noticed Duvessa
  7172 | D:6      | Noticed Dowan
  7192 | D:6      | Reached skill level 10 in Stealth
  7220 | D:6      | Killed Duvessa
  7229 | D:6      | Killed Dowan
  7299 | D:6      | Killed Grinder
  7300 | D:6      | Reached XP level 9. HP: 15/39 MP: 23/23
  8257 | D:7      | Reached skill level 11 in Stealth
  8462 | D:7      | Reached skill level 10 in Hexes
  8711 | D:7      | Reached skill level 10 in Spellcasting
  8834 | D:7      | Found a shimmering altar of Xom.
  9061 | D:7      | Found a shadowy altar of Dithmenos.
  9079 | D:7      | Became a worshipper of Dithmenos the Shadowed
  9116 | D:8      | Found Gergha's Magic Scroll Shoppe.
  9131 | D:8      | Bought a scroll of identify for 28 gold pieces
  9131 | D:8      | Bought a scroll of acquirement for 728 gold pieces
  9131 | D:8      | Bought a scroll of identify for 28 gold pieces
  9145 | D:8      | Acquired the ring "Seotreps" {rN+ Int+6 Dex+6}
  9244 | D:8      | Found Wauhigh's General Store.
  9383 | D:8      | Reached skill level 1 in Fighting
  9399 | D:8      | Reached skill level 12 in Stealth
  9408 | D:8      | Found Plog's Assorted Antiques.
  9414 | D:8      | Bought a scroll of magic mapping for 127 gold pieces
  9414 | D:8      | Bought a scroll of identify for 34 gold pieces
  9414 | D:8      | Bought a scroll of identify for 34 gold pieces
  9481 | D:8      | Bought a scroll of immolation for 48 gold pieces
  9513 | D:8      | Bought a scroll of enchant armour for 127 gold pieces
  9520 | D:8      | Found Laere's Armour Emporium.
  9540 | D:8      | Bought a scroll of teleportation for 42 gold pieces
  9540 | D:8      | Bought a scroll of enchant armour for 105 gold pieces
  9540 | D:8      | Bought a scroll of fear for 56 gold pieces
  9704 | D:8      | Noticed a two-headed ogre
  9704 | D:8      | Noticed a cyclops
  9706 | D:8      | Noticed a red ugly thing
  9706 | D:8      | Noticed a red ugly thing
  9707 | D:8      | Killed a two-headed ogre
  9708 | D:8      | Reached XP level 10. HP: 46/46 MP: 25/25
  9709 | D:8      | Noticed a centaur warrior
  9709 | D:8      | Noticed a manticore
  9711 | D:8      | Noticed a four-headed hydra
  9715 | D:8      | Killed a red ugly thing
  9720 | D:8      | Shot with an arrow by a centaur warrior

Illustrated notes

Levels and vault maps discovered:
D:1:      ldierk_walled_garden, layout_loops_ring, serial_shops,
          nicolae_diamond_shop, basic_ecumenical_altar
D:2:      layout_loops_corners, basic_altar, uniq_sigmund
D:3:      layout_basic, chequers_serial_rivers_micro_e,
          kennysheep_generic_room_7
D:4:      layout_basic, marbit_many_paths, nicolae_ashenzari_panopticon,
          hangedman_decor_peaks_small, nicolae_shop_i_like_big_books,
          uniq_natasha
D:5:      layout_loops_ring, lemuel_temple_firewalk_b, ebering_ghost_rock_garden
D:6:      layout_cave_pods, grunt_ministairs_13, kennysheep_cross_bottleneck,
          uniq_duvessa, uniq_grinder
D:7:      layout_rooms, kb_xom_exploding_sheep,
          nicolae_dithmenos_through_a_glass_darkly
D:8:      minmay_the_grid_four_pointed_star
          [minmay_the_grid_triangle_9x9_subtriangle,
          minmay_the_grid_triangle_9x9_sprig,
          minmay_the_grid_triangle_9x9_swiss_cheese,
          minmay_the_grid_triangle_9x9_corrupted_corridor,
          minmay_the_grid_prize_four_corners], layout_basic,
          okawaru_ov_weapons_minmay, erik_lair_orcish_takeover,
          gammafunk_ghost_grave, serial_shops, nicolae_shop_hallway_plus,
          shop_coins, kennysheep_little_box, shop, nicolae_shop_waterfront,
          minmay_diamond_spiral
Temple:   regret_index_temple_generic_petals

Skill      XL: |  1  2  3  4  5  6  7  8  9 10 |
---------------+-------------------------------+-----
Spellcasting   | 3 5 6 7 9 10 | 10.5
Hexes          | 4 5 6 7 9 10 | 10.8
Stealth        | 6 8 10 12 | 12.4
Dodging        | 4 |  4.5
Short Blades   | 2 3 |  3.1
Fighting       | 1 2 |  2.0

Action                   |  1- 3 |  4- 6 |  7- 9 | 10-12 || total
-------------------------+-------+-------+-------+-------++-------
Melee: Dagger            |   109 |   138 |   257 |     1 ||   505
       Punch             |     1 |       |     2 |       ||     3
Throw: Dart              |     3 |       |       |       ||     3
 Cast: Ensorcelled Hiber |     3 |    18 |    37 |     2 ||    60
       Tukima's Dance    |     1 |     8 |    16 |       ||    25
       Confusing Touch   |     1 |     1 |     8 |       ||    10
Evoke: Wand              |       |       |       |     2 ||     2
  Use: Scroll            |       |    11 |    10 |     1 ||    22
       Potion            |       |       |     2 |     2 ||     4
 Stab: Sleeping          |    10 |    19 |    33 |     1 ||    63
       Distracted        |     1 |       |       |       ||     1
       Confused          |       |     1 |     7 |       ||     8
       Invisible         |       |       |     4 |       ||     4
Armor: Robe              |     7 |    10 |    27 |       ||    44
Dodge: Dodged            |    72 |    72 |   134 |     5 ||   283

Table legend: (Time is in decaauts)
 A = Elapsed time spent in this place.
 B = Non-inter-level travel time spent in this place.
 C = Inter-level travel time spent in this place.
 D = Time resting spent in this place.
 E = Time spent auto-exploring this place.
 F = Levels seen in this place.
 G = Mean time per level.
                   A        B        C        D        E       F      G
               +--------+--------+--------+--------+--------+-----+--------+
         Total |   7524 |   7341 |    183 |    307 |   5632 |   9 |  836.0 |
       Dungeon |   7386 |   7225 |    161 |    307 |   5523 |   8 |  923.2 |
        Temple |    137 |    116 |     21 |      0 |    109 |   1 |  137.0 |
               +--------+--------+--------+--------+--------+-----+--------+

Top non-repeatable levels by time:
     D:6: 1536 daAuts
     D:2: 1282 daAuts
     D:3: 1065 daAuts
     D:1: 925 daAuts
     D:7: 847 daAuts
     D:5: 842 daAuts
     D:4: 447 daAuts
     D:8: 439 daAuts
  Temple: 137 daAuts
